 Dungeon Crawl Stone Soup version 0.29.1-2-gbd0b4ee654 (webtiles) character file.

Game seed: 16041524700591961532

91 qeuew the Trooper (level 4, -4/35 HPs)
             Began as a Demonspawn Abyssal Knight on Nov 15, 2022.
             Was a Priest of Lugonu.
             Killed by divine providence
             ... invoked by an orc priest
              (12 damage)
             ... on level 3 of the Dungeon.
             The game lasted 00:02:19 (2549 turns).

qeuew the Trooper (Demonspawn Abyssal Knight)       Turns: 2549, Time: 00:02:20

Health: -4/35      AC:  5    Str: 13    XL:     4   Next: 33%
Magic:  6/6        EV: 12    Int: 12    God:    Lugonu [***...]
Gold:   126        SH:  8    Dex: 15    Spells: 3/3 levels left

rFire   . . .      SeeInvis .   a - +1 hand axe
rCold   . . .      Faith    .   (no shield)
rNeg    . . .      Spirit   .   b - +1 leather armour
rPois   .          Reflect  .   (no helmet)
rElec   .          Harm     .   (no cloak)
rCorr   .          Rampage  .   d - +0 pair of gloves
Will    .....                   (no boots)
Stlth   +.........              (no amulet)
HPRegen 0.11/turn               (no ring)
MPRegen 0.10/turn               (no ring)

@: no status effects
A: large bone plates 1, powered by pain 1, condensation shield
a: Renounce Religion, Depart the Abyss, Bend Space, Banish


You were on level 3 of the Dungeon.
You worshipped Lugonu.
Lugonu was most pleased with you.
You visited 1 branch of the dungeon, and saw 3 of its levels.
You visited the Abyss 1 time.

You collected 126 gold pieces.

Inventory:

Hand Weapons
 a - a +1 hand axe (weapon)
Armour
 b - a +1 leather armour (worn)
 d - a +0 pair of gloves (worn)
Scrolls
 f - 2 scrolls of teleportation
 i - a scroll of enchant weapon
 l - a scroll of identify
Potions
 c - a potion of heal wounds
 e - a potion of haste {unknown}
 g - a potion of cancellation {unknown}
 h - 2 potions of curing
 j - a potion of ambrosia
 k - a potion of degeneration {unknown}


   Skills:
 + Level 3.5 Fighting
 + Level 2.4 Axes
 + Level 2.4 Armour
 + Level 1.8 Dodging
 + Level 3.4 Invocations


You had 3 spell levels left.
You didn't know any spells.
Your spell library was empty.

Dungeon Overview and Level Annotations

Branches:
Dungeon (3/15)

Altars:


Innate Abilities, Weirdness & Mutations

You are partially covered in large bone plates. (SH +4)
You sometimes gain a little power by taking damage.
A meltable shield of frost defends you. (SH +4)


Message History

An orc priest comes into view. It is wielding a +0 club.
You block the goblin's attack.
The orc hits you with a +1 vorpal flail.
You closely miss the goblin.
The goblin is moderately wounded.
The orc priest shouts!
You hit the quokka. You hit the orc.
You hear a shout!
You block the quokka's attack. You block the goblin's attack.
The orc hits you with a +1 vorpal flail!
The quokka closely misses you.
You barely miss the goblin.
The goblin is moderately wounded.
You hit the endoplasm. You barely miss the quokka. You hit the orc.
You kill the orc!
Lugonu accepts your kill.
The endoplasm hits you but does no damage.
You block the quokka's attack. The goblin hits you but does no damage.
An orc comes into view. It is wielding a +0 falchion.
You barely miss the goblin.
The goblin is moderately wounded.
You hit the quokka but do no damage. You hit the endoplasm.
You block the quokka's attack. The endoplasm hits you.
The goblin hits you with a +0 club. The quokka bites you.
Unknown command.
The orc priest barely misses you. The goblin barely misses you.
The quokka bites you but does no damage.
Things that are here:
a +1 vorpal flail; 8 stones; a +0 leather armour Unknown command.
You closely miss the orc priest. You hit the goblin but do no damage.
You barely miss the endoplasm. You hit the quokka.
You kill the quokka!
Lugonu accepts your kill. The endoplasm freezes you.
You are frozen.
* * * LOW HITPOINT WARNING * * *
The orc priest invokes the aid of Beogh against you.
Beogh smites you!
You die...

#. ♣ ........# #. .♣ #.#:.
<.. #. ##.#...... #.
#....#..## #. #........ ..
#####..#.#.##.. # #
#...#.g........ #
#...#.J@o...# # ##
#...#.#..#.##. # #.
+..P.....o....########## #
#.###..♣P.#.?####..........#
...#.#..##.P..##.##
#..........#
...#.#..##...###.#
#..........#
...#....##...#####
#..........+
...+...>..........
#.....†....#
...####.#.#####...
#....†.....#


You could see an orc priest, an orc, an endoplasm and a goblin.

Vanquished Creatures
  3 adders
  2 worms (D:2)
  A dart slug (D:1)
  2 orcs (D:3)
  3 ball pythons
  2 bats
  An endoplasm (D:1)
  A giant cockroach (D:3)
  4 hobgoblins
  8 jackals
  5 quokkas
  5 frilled lizards
  6 goblins
  3 kobolds
  8 rats
54 creatures vanquished.

Vanquished Creatures (others)
  5 fungi (D:2)
  3 plants
8 creatures vanquished.

Grand Total: 62 creatures vanquished

Notes
Turn   | Place    | Note
-------+----------+-------------------------------------------
     0 | Abyss:1  | qeuew the Demonspawn Abyssal Knight began the quest for the
                  | Orb.
     0 | Abyss:1  | Reached XP level 1. HP: 18/18 MP: 2/2
     1 | D:1      | Escaped the Abyss
   136 | D:1      | Reached skill level 1 in Dodging
   270 | D:1      | Gained mutation: You are partially covered in large bone
                  | plates. (SH +4) [demonic ancestry]
   270 | D:1      | Reached XP level 2. HP: 9/24 MP: 4/4
   996 | D:2      | Gained mutation: A meltable shield of frost defends you.
                  | (SH +4) [demonic ancestry]
   996 | D:2      | Reached XP level 3. HP: 28/29 MP: 5/5
  1373 | D:2      | Reached *** piety under Lugonu
  2197 | D:2      | Found a faded altar of an unknown god.
  2291 | D:3      | Gained mutation: You sometimes gain a little power by
                  | taking damage. [demonic ancestry]
  2291 | D:3      | Reached XP level 4. HP: 26/35 MP: 6/6
  2549 | D:3      | Killed from afar by an orc priest

Illustrated notes

Levels and vault maps discovered:
D:1:      lightli_arrival_windingriver, layout_rooms, minmay_misc_feat_plants
D:2:      layout_rooms, dreamdust_ecumenical_altar_hidden_monk_grotto,
          minmay_misc_feat_diagonals
D:3:      layout_basic, serial_forest, infiniplex_forest_clump_small,
          infiniplex_forest_clump_diagonal, infiniplex_forest_lined_1,
          infiniplex_forest_clump_cross, infiniplex_forest_diagonal,
          infiniplex_forest_straight_2, infiniplex_forest_clump_tiny

Skill      XL: |  1  2 |
---------------+-------+-----
Dodging        | 1 |  1.8
Axes           | 2 |  2.4
Armour         | 2 |  2.4
Invocations    | 3 |  3.4
Fighting       | |  3.5

Action                   |  1- 3 |  4- 6 || total
-------------------------+-------+-------++-------
Melee: Hand axe          |   146 |    33 ||   179
       Punch             |     4 |       ||     4
  Use: Scroll            |     6 |       ||     6
       Potion            |     3 |       ||     3
 Stab: Sleeping          |     2 |       ||     2
Armor: Leather armour    |    39 |     9 ||    48
Dodge: Dodged            |    88 |    23 ||   111
Block: Other             |    47 |    20 ||    67
